 Dungeon Crawl Stone Soup version 0.29-a0-317-gd16b76e6b1 (webtiles) character file.

Game seed: 17510908983245106115

37 Morbidden the Conjurer (level 3, 0/32 HPs)
             Began as a Troll Conjurer on Mar 31, 2022.
             Succumbed to an adder's poison
             ... on level 2 of the Dungeon.
             The game lasted 00:01:33 (1267 turns).

Morbidden the Conjurer (Troll Conjurer)             Turns: 1267, Time: 00:01:34

Health: 0/32       AC:  5    Str: 15    XL:     3   Next: 21%
Magic:  4/4        EV:  9    Int: 16    God:
Gold:   119        SH:  0    Dex:  8    Spells: 3/4 levels left

rFire   . . .      SeeInvis .     - Unarmed
rCold   . . .      Faith    .   (no shield)
rNeg    . . .      Spirit   .   a - +0 robe
rPois   .          Reflect  .   (helmet restricted)
rElec   .          Harm     .   (no cloak)
rCorr   .          Rampage  .   (gloves unavailable)
Will    .....                   (boots unavailable)
Stlth   +.........              (no amulet)
HPRegen 0.90/turn               (no ring)
MPRegen 0.09/turn               (no ring)

@: lethally poisoned (0 -> -2), attractive, flying
A: large, unfitting armour, claws 3, regeneration 1, shaggy fur 2, tough skin 1,
deterioration 1
a: no special abilities


You were on level 2 of the Dungeon.
You visited 1 branch of the dungeon, and saw 2 of its levels.

You collected 119 gold pieces.

Inventory:

Missiles
 d - 5 large rocks
 j - 71 stones
 o - 4 boomerangs (quivered)
Armour
 a - a +0 robe (worn)
Jewellery
 k - a ring of willpower
Scrolls
 c - a scroll of noise {unknown}
 g - a scroll of blinking {unknown}
 h - a scroll of amnesia {unknown}
 l - a scroll of identify {unknown}
 m - a scroll of enchant weapon {unknown}
 n - 2 scrolls of fear {unknown}
Potions
 b - a potion of magic
 i - a potion of attraction
 p - a potion of might {unknown}


   Skills:
 * Level 0.6 Fighting
 * Level 1.7 Dodging
 + Level 1.2 Stealth
 * Level 1.0 Unarmed Combat
 * Level 1.3 Spellcasting
 * Level 3.2 Conjurations


You had 3 spell levels left.
You knew the following spells:

 Your Spells              Type           Power      Damage    Failure   Level
a - Magic Dart            Conj           44%        1d5       6%          1

Your spell library contained the following spells:

 Spells                   Type           Power      Damage    Failure   Level
 Searing Ray              Conj           22%        2d5       9%          2
 Freeze                   Ice            4%         1d3       22%         1
 Dazzling Flash           Conj/Hex       12%        N/A       34%         3
 Frozen Ramparts          Ice            2%         1d2       54%         3
 Fulminant Prism          Conj/Hex       3%         3d6       75%         4
 Hailstorm                Conj/Ice       6%         3d4       75%         4
 Iskenderun's Mystic Bla  Conj/Tloc      6%         2d4       75%         4


Dungeon Overview and Level Annotations

Branches:
Dungeon (2/15)

Altars:

Shops:
D:2 !


Innate Abilities, Weirdness & Mutations

You are too large for most types of armour.
You have claws for hands.
Your natural rate of healing is unusually fast.
You are covered in thick fur. (AC +2)
You have tough skin. (AC +1)
Your body sometimes deteriorates upon taking damage.


Message History

You are more poisoned.
The adder poisons you! The hobgoblin hits you.
You are too injured to fight recklessly!
You are too injured to fight recklessly!
You are too injured to fight recklessly!
You are too injured to fight recklessly!
Unknown command.
You are too injured to fight recklessly!
You are too injured to fight recklessly!
Unknown command.
You feel sick. The adder bites you but does no damage.
Unknown command.
The adder attacks as you move away! The adder bites you.
You are more poisoned.
The adder poisons you!
You feel very sick.
The hobgoblin throws a stone.
The stone hits you but does no damage. The adder attacks as you move away!
The adder closely misses you.
You feel very sick. The adder attacks as you move away!
The adder barely misses you.
You feel sick. The adder bites you.
* * * LOW HITPOINT WARNING * * *
Unknown command.
It was a potion of attraction.
You feel attractive to monsters.
You feel sick. The adder bites you.
* * * LOW HITPOINT WARNING * * *
You are lethally poisoned!
The adder poisons you!
Unknown command.
It was a potion of flight.
You feel very buoyant.
You fly up into the air.
* * * LOW HITPOINT WARNING * * *
You feel sick. The adder barely misses you.
Unknown command.
Unknown command.
It was a potion of mutation.
You feel extremely strange.
You feel yourself wasting away.
Your fur grows into a thick mane.
You die...

......# #....#
.<....# #....#
..รท...# #....#
##########....#
#........#
#........#
#........#
#.......########
#.......#gS@...#
#....<..#.####+#...
#.......'..........
#.......##.g.......
##########$...>....
#.........
#....>....
#.......!.
#.^....###


You could see an adder and a hobgoblin.

Vanquished Creatures
  A worm (D:2)
  2 dart slugs (D:1)
  4 ball pythons (D:1)
  2 bats
  3 endoplasms
  2 giant cockroaches (D:1)
  2 hobgoblins (D:1)
  2 jackals (D:2)
  2 quokkas (D:1)
  A frilled lizard (D:1)
  2 kobolds
  4 rats (D:1)
27 creatures vanquished.

Notes
Turn   | Place    | Note
-------+----------+-------------------------------------------
     0 | D:1      | Morbidden the Troll Conjurer began the quest for the Orb.
     0 | D:1      | Reached XP level 1. HP: 16/16 MP: 1/1
    23 | D:1      | Reached skill level 3 in Conjurations
   218 | D:1      | Reached XP level 2. HP: 24/26 MP: 2/2
  1002 | D:2      | Reached XP level 3. HP: 32/32 MP: 4/4
  1089 | D:2      | Reached skill level 1 in Unarmed Combat
  1143 | D:2      | Found Juediat's Distillery.
  1266 | D:2      | HP: 1/32 [poisoned by an adder]
  1267 | D:2      | Gained mutation: Your body sometimes deteriorates upon
                  | taking damage. [potion of mutation]
  1267 | D:2      | Gained mutation: You are covered in thick fur. (AC +2)
                  | [potion of mutation]
  1267 | D:2      | Succumbed to an adder's poison

Illustrated notes

Levels and vault maps discovered:
D:1:      amcnicky_arrival_double_pillar, layout_basic, minmay_circled_x
D:2:      layout_basic, serial_shops, nicolae_square_shop,
          ebering_ecumenical_altar_abandoned

Skill      XL: |  1  2  3 |
---------------+----------+-----
Conjurations   | 3 |  3.2
Unarmed Combat | 1 |  1.0
Fighting       | |  0.6
Dodging        | |  1.7
Stealth        | |  1.2
Spellcasting   | |  1.3

Action                   || total
-------------------------++-------
Melee: Unarmed           ||    88
Throw: Stone             ||    11
       Boomerang         ||     4
 Cast: Magic Dart        ||     1
  Use: Potion            ||     3
 Stab: Sleeping          ||     5
Armor: Robe              ||    34
Dodge: Dodged            ||    39

Table legend: (Time is in decaauts)
 A = Elapsed time spent in this place.
 B = Non-inter-level travel time spent in this place.
 C = Inter-level travel time spent in this place.
 D = Time resting spent in this place.
 E = Time spent auto-exploring this place.
 F = Levels seen in this place.
 G = Mean time per level.
                   A        B        C        D        E       F      G
               +--------+--------+--------+--------+--------+-----+--------+
         Total |   1268 |   1261 |      7 |      0 |   1033 |   2 |  634.0 |
       Dungeon |   1268 |   1261 |      7 |      0 |   1033 |   2 |  634.0 |
               +--------+--------+--------+--------+--------+-----+--------+

Top non-repeatable levels by time:
     D:1: 999 daAuts
     D:2: 268 daAuts
